 Dungeon Crawl Stone Soup version 0.28-a0-851-g8b9cc49659 (webtiles) character file.

Game seed: 12821093819865346527

13 jasper the Conjurer (level 2, 0/15 HPs)
             Began as a Tengu Conjurer on Nov 15, 2021.
             Slain by a goblin (4 damage)
             ... on level 1 of the Dungeon.
             The game lasted 00:00:34 (317 turns).

jasper the Conjurer (Tengu Conjurer)                 Turns: 317, Time: 00:00:34

Health: 0/15       AC:  2    Str:  7    XL:     2   Next: 37%
Magic:  0/6        EV: 12    Int: 18    God:
Gold:   0          SH:  0    Dex: 12    Spells: 4/5 levels left

rFire   . . .      SeeInvis .   b - +0 short sword
rCold   . . .      Faith    .   (no shield)
rNeg    . . .      Spirit   .   a - +0 robe
rPois   .          Reflect  .   (helmet restricted)
rElec   .          Harm     .   (no cloak)
rCorr   .          Rampage  .   (no gloves)
Will    .....                   (boots unavailable)
Stlth   ++........              (no amulet)
HPRegen 0.05/turn               (no ring)
MPRegen 0.10/turn               (no ring)

@: no status effects
A: beak, talons 3
a: no special abilities


You were on level 1 of the Dungeon.
You visited 1 branch of the dungeon, and saw 1 of its levels.

Inventory:

Hand Weapons
 b - a +0 short sword (weapon)
Armour
 a - a +0 robe (worn)


   Skills:
 - Level 2.1 Dodging
 - Level 2.0 Stealth
 - Level 2.0 Spellcasting
 + Level 6.1 Conjurations


You had 4 spell levels left.
You knew the following spells:

 Your Spells              Type           Power      Damage    Failure   Level
a - Magic Dart            Conj           92%        1d7       1%          1

Your spell library contained the following spells:

 Spells                   Type           Power      Damage    Failure   Level
 Searing Ray              Conj           46%        2d6       2%          2
 Dazzling Flash           Conj/Hex       24%        N/A       16%         3
 Fulminant Prism          Conj/Hex       6%         3d7       45%         4
 Iskenderun's Mystic Bla  Conj/Tloc      12%        2d5       45%         4


Dungeon Overview and Level Annotations

Branches:
Dungeon (1/15)

Altars:


Innate Abilities, Weirdness & Mutations

You have a beak for a mouth.
You have claws for feet.


Message History

You take 2 damage, and have 8/15 hp.
You now have 0/6 mp.
You hit the hobgoblin.
You kill the hobgoblin!
The ball python bites you. The ball python closely misses you.
You take 1 damage, and have 7/15 hp.
You hit the ball python.
You peck the ball python, but do no damage.
The ball python is heavily wounded.
The ball python closely misses you. The ball python grabs you.
The ball python constricts you.
You take 1 damage, and have 6/15 hp.
You hit the ball python.
You kill the ball python!
Your magical contamination has completely faded away.
Your Conjurations skill increases to level 6!
You hit the goblin.
You kill the goblin!
You barely miss the kobold. You peck the kobold.
You kill the kobold!
You barely miss the rat. Your kick misses the rat.
The rat bites you but does no damage.
You closely miss the rat. The rat bites you.
* * * LOW HITPOINT WARNING * * *
The rat barely misses you.
You take 2 damage, and have 4/15 hp.
You closely miss the rat.
A goblin comes into view. It is wielding a +0 dagger.
The rat barely misses you.
You closely miss the rat. The rat bites you.
* * * LOW HITPOINT WARNING * * *
You take 1 damage, and have 4/15 hp.
Aiming: Magic Dart (safe; 1% risk of failure)
Press: ? - help, Q - select action Shift-Dir - straight line, f/p - rat
Aim: a rat (100% to hit)
The magic dart hits the rat.
You kill the rat!
You now have 0/6 mp.
The goblin hits you but does no damage.
Found a scroll labelled DUSELU NOXEAM.
The goblin hits you with a +0 dagger.
You die...

##................. # #
#.......†...(....####..
###..........)........... .
.#.........................
...........†.......# ...
##...............#.# ...
##.........#....#.# ..#
#.........####rg.##.).#
+#........# #@##)....#
##.......# #.##.#.....?
###.....# #.##.# #.#.#
####..# #.#... .. ####
#.##.# # #.#>.. #.##.#
.?....


You could see a goblin and a rat.

Vanquished Creatures
  An endoplasm (D:1)
  2 goblins (D:1)
  A hobgoblin (D:1)
  2 kobolds (D:1)
  3 ball pythons (D:1)
  A frilled lizard (D:1)
  A rat (D:1)
11 creatures vanquished.

Notes
Turn   | Place    | Note
-------+----------+-------------------------------------------
     0 | D:1      | jasper the Tengu Conjurer began the quest for the Orb.
     0 | D:1      | Reached XP level 1. HP: 10/10 MP: 4/4
   292 | D:1      | Reached XP level 2. HP: 15/15 MP: 3/6
   304 | D:1      | Reached skill level 6 in Conjurations
   317 | D:1      | Slain by a goblin

Illustrated notes

Levels and vault maps discovered:
D:1:      dpeg_cavernosity, layout_loops_ring, st_stairs_10, grunt_decor_cap

Skill      XL: |  1  2 |
---------------+-------+-----
Conjurations   | 6 |  6.1
Dodging        | |  2.1
Stealth        | |  2.0
Spellcasting   | |  2.0

Action                   || total
-------------------------++-------
Melee: Short sword       ||    12
       Peck              ||     2
 Cast: Magic Dart        ||    13
Armor: Robe              ||     4
Dodge: Dodged            ||     6

Table legend: (Time is in decaauts)
 A = Elapsed time spent in this place.
 B = Non-inter-level travel time spent in this place.
 C = Inter-level travel time spent in this place.
 D = Time resting spent in this place.
 E = Time spent auto-exploring this place.
 F = Levels seen in this place.
 G = Mean time per level.
                   A        B        C        D        E       F      G
               +--------+--------+--------+--------+--------+-----+--------+
         Total |    317 |    298 |     19 |      0 |    253 |   1 |  317.0 |
       Dungeon |    317 |    298 |     19 |      0 |    253 |   1 |  317.0 |
               +--------+--------+--------+--------+--------+-----+--------+

Top non-repeatable levels by time:
     D:1: 317 daAuts
